 Dungeon Crawl Stone Soup version 0.31-a0-214-gb37851dbb3 (webtiles) character file.

Game seed: 16699280621668959961

818 qw the Skirmisher (level 7, -2/61 HPs)
             Began as a Minotaur Hexslinger on July 1, 2023.
             Slain by a gnoll bouda
             ... wielding a +0 club
              (5 damage)
             ... on level 6 of the Dungeon.
             The game lasted 00:01:35 (4184 turns).

qw the Skirmisher (Minotaur Hexslinger)             Turns: 4184, Time: 00:01:35

Health: -2/61      AC:  7    Str: 13    XL:     7   Next: 62%
Magic:  7/7        EV: 11    Int: 10    God:
Gold:   168        SH:  0    Dex: 14    Spells: 7/8 levels left

rFire   . . .        Y - +2 sling
rCold   . . .        (no shield)
rNeg    . . .        h - +0 ring mail
rPois   .            (helmet unavailable)
rElec   .            (no cloak)
rCorr   .            l - +0 pair of gloves
SInv    .            a - +0 pair of boots
Will    .....        (no amulet)
Stlth   +            (no ring)
HPRegen 0.30/turn    (no ring)
MPRegen 0.10/turn

%: no passive effects
@: no status effects
A: horns 3, retaliatory headbutt, passive freeze
a: no special abilities


You were on level 6 of the Dungeon.
You visited 1 branch of the dungeon, and saw 6 of its levels.

You collected 231 gold pieces.
You spent 63 gold pieces at shops.


Innate Abilities, Weirdness & Mutations

You have a pair of large horns on your head.
You reflexively headbutt those who attack you in melee.
A frigid envelope surrounds you and freezes all who hurt you.


   Skills:
 - Level 5.1 Fighting
 + Level 8.2 Ranged Weapons
 - Level 2.1 Armour
 - Level 2.1 Dodging
 - Level 1.0 Spellcasting
 - Level 2.0 Hexes


You had 7 spell levels left.
You knew the following spells:

 Your Spells              Type           Power      Damage    Failure   Level
a - Slow                  Hex            16%        N/A       32%         1

Your spell library contained the following spells:

 Spells                   Type           Power      Damage    Failure   Level
 Inner Flame              Hex/Fire       2%         N/A       82%         3
 Portal Projectile        Hex/Tloc       4%         N/A       82%         3
 Cause Fear               Hex            2%         N/A       97%         4

Inventory:

Hand Weapons
 Y - a +2 sling (weapon)
Armour
 a - a +0 pair of boots (worn)
 h - a +0 ring mail (worn)
 l - a +0 pair of gloves (worn)
Scrolls
 d - a scroll of identify
Potions
 b - a potion of curing
 c - a potion of mutation
 e - a potion of magic {unknown}
 f - a potion of attraction {unknown}
 i - a potion of lignification {unknown}

Dungeon Overview and Level Annotations

Branches:
Dungeon (6/15)
 Temple: D:4-7

Altars:
Cheibriados
Dithmenos
Makhleb
Nemelex Xobeh
Trog
Uskayaw
Xom
Zin

Shops:
D:1 ((=*


Message History

You kill the gnoll!
You shoot a sling bullet.
The sling bullet barely misses the gnoll bouda.
The gnoll hits you with a +0 club.
The gnoll is very cold.
The gnoll is heavily wounded.
The gnoll bouda calls upon its god to heal the gnoll.
The gnoll's wounds heal themselves!
The gnoll hits you from afar with a +0 halberd!
The gnoll hits you but does no damage.
You shoot a sling bullet.
The sling bullet hits the gnoll bouda but does no damage.
The gnoll bouda is moderately wounded.
The gnoll bouda barely misses you. You furiously retaliate!
You headbutt the gnoll bouda. The gnoll barely misses you.
The gnoll hits you from afar with a +0 halberd.
You shoot a sling bullet. The sling bullet hits the gnoll bouda.
The gnoll bouda is moderately wounded.
The gnoll hits you but does no damage.
The gnoll is very cold.
The gnoll is moderately wounded.
The gnoll bouda barely misses you. The gnoll completely misses you.
The gnoll hits you from afar with a +0 halberd!
The gnoll bouda hits you with a +0 club.
The gnoll bouda is very cold.
The gnoll bouda is heavily wounded.
The gnoll barely misses you.
You shoot a sling bullet.
The sling bullet hits the gnoll bouda but does no damage.
The gnoll bouda is heavily wounded.
The gnoll barely misses you. The gnoll misses you.
The gnoll hits you with a +0 club.
The gnoll is very cold.
The gnoll is severely wounded.
The gnoll bouda barely misses you. You furiously retaliate!
You headbutt the gnoll bouda. You shoot a sling bullet.
The sling bullet barely misses the gnoll bouda.
The gnoll hits you from afar with a +0 halberd.
The gnoll hits you with a +0 club.
The gnoll is very cold.
The gnoll is almost dead.
The gnoll bouda hits you with a +0 club.
You die...

.........
........#
........#
........#
........#
........###
.......%..#
.....g.@..#
.....ggg..#
.....)....#
..........#######
................#
................#
................#
.#########......##
#.....##.#.....#


You could see a gnoll bouda and 3 gnolls.

Vanquished Creatures
  A water moccasin (D:5)
  A black bear (D:5)
  2 scorpions (D:5)
  2 hounds
  An orc priest (D:3)
  A gnoll bouda (D:5)
  A sleepcap (D:3)
  Terence (D:2)
  An iguana (D:5)
  2 orc wizards (D:5)
  6 gnolls
  12 adders
  3 dart slugs (D:2)
  7 orcs
  5 endoplasms
  4 giant cockroaches
  8 goblins
  6 hobgoblins
  8 jackals (D:2)
  6 quokkas
  4 ball pythons
  6 bats
  6 frilled lizards
  4 kobolds
  4 rats
102 creatures vanquished.

Notes
Turn   | Place    | Note
-------+----------+-------------------------------------------
     0 | D:1      | qw the Minotaur Hexslinger began the quest for the Orb.
     0 | D:1      | Reached XP level 1. HP: 16/16 MP: 1/1
     0 | D:1      | 0 ||| qw: Version: 0.3-a-32-g5962c71
     0 | D:1      | 0 ||| qw: Game counter: 7568
     0 | D:1      | 0 ||| qw: Melee chars always use a shield: true
     0 | D:1      | 0 ||| qw: God list: Okawaru
     0 | D:1      | 0 ||| qw: Allow faded altars: false
     0 | D:1      | 0 ||| qw: Do Orc after clearing Dungeon:15 true
     0 | D:1      | 0 ||| qw: Do second Lair branch before Depths: true
     0 | D:1      | 0 ||| qw: Lair rune preference: random
     0 | D:1      | 0 ||| qw: Goals: Normal
     0 | D:1      | 0 ||| PLANNING D:1-11
    44 | D:1      | Found a faded altar of an unknown god.
    55 | D:1      | Found Fuagit's Jewellery Emporium.
   101 | D:1      | Reached skill level 3 in Ranged Weapons
   102 | D:1      | Reached XP level 2. HP: 23/23 MP: 2/2
   364 | D:1      | Found Menaarpho's Antique Weapon Boutique.
   391 | D:1      | Found Weheraxt's General Store.
   400 | D:1      | 400 ||| BUYING +0 pair of gloves (63 gold).
   400 | D:1      | Bought a +0 pair of gloves for 63 gold pieces
   400 | D:1      | 400 ||| SHOPLISTING +7 ring mail of Distant Shores {rElec
                  | Str+5 Int-3} (800 gold, have 6).
   400 | D:1      | 400 ||| SHOPLISTING ring of willpower (350 gold, have 6).
   400 | D:1      | 400 ||| SHOPLISTING scroll of teleportation (42 gold, have
                  | 6).
   493 | D:1      | Found Muil Wuun's Antique Weapon Boutique.
   558 | D:1      | Found Zatroen's Jewellery Shop.
   563 | D:1      | 563 ||| SHOPLISTING +6 ring of strength (360 gold, have
                  | 22).
   563 | D:1      | 563 ||| SHOPLISTING amulet "Gierghoegu" {Reflect Contam
                  | Str+2 Int-2 Dex+5 SH+5} (419 gold, have 22).
   563 | D:1      | 563 ||| SHOPLISTING amulet of Fudgh {Faith Harm Fragile Fly
                  | SInv} (477 gold, have 22).
   563 | D:1      | 563 ||| SHOPLISTING amulet of the acrobat (300 gold, have
                  | 22).
   563 | D:1      | 563 ||| SHOPLISTING ring of Plog {Fire Will+} (376 gold,
                  | have 22).
   563 | D:1      | 563 ||| SHOPLISTING ring of ice (250 gold, have 22).
   563 | D:1      | 563 ||| SHOPLISTING ring of protection from cold (250 gold,
                  | have 22).
   608 | D:1      | 608 ||| UPGRADING to +0 ring mail.
   618 | D:1      | 618 ||| DROPPING +0 robe.
   619 | D:1      | 619 ||| UPGRADING to +0 pair of gloves.
   624 | D:1      | 624 ||| READING 2 scrolls labelled TAWAHAR LUDIE.
   627 | D:1      | 627 ||| READING scroll labelled HONADO DOIHE.
   628 | D:1      | 628 ||| READING scroll labelled FAVOOD SUTRA.
   629 | D:1      | 629 ||| READING scroll labelled BITOSA ZENG.
   630 | D:1      | 630 ||| READING scroll labelled WEITRELUNI.
   631 | D:1      | 631 ||| DRINKING 2 coppery potions.
   632 | D:1      | 632 ||| DROPPING scroll of poison.
   723 | D:2      | Reached XP level 3. HP: 29/29 MP: 3/3
   743 | D:2      | Reached skill level 4 in Ranged Weapons
   775 | D:2      | Found the +6 shillelagh "Devastator" {shatter}
   789 | D:2      | Noticed Terence
   806 | D:2      | HP: 7/29 [Terence/+0 short sword (2)]
   807 | D:2      | 807 ||| READING scroll of teleportation.
   808 | D:2      | 808 ||| DRINKING potion of heal wounds.
   848 | D:2      | Killed Terence
   849 | D:2      | Reached XP level 4. HP: 33/36 MP: 4/4
  1024 | D:2      | 1024 ||| FLEEEEING.
  1025 | D:2      | 1025 ||| FLEEEEING.
  1026 | D:2      | 1026 ||| FLEEEEING.
  1027 | D:2      | 1027 ||| FLEEEEING.
  1028 | D:2      | 1028 ||| FLEEEEING.
  1029 | D:2      | 1029 ||| FLEEEEING.
  1030 | D:2      | 1030 ||| FLEEEEING.
  1595 | D:2      | 1595 ||| READING scroll labelled GABE TAXZASUCE.
  1596 | D:2      | 1596 ||| READING scroll labelled WIAC QUJORAAW.
  1597 | D:2      | 1597 ||| DRINKING 2 amethyst potions.
  1597 | D:2      | Gained mutation: You have a pair of large horns on your
                  | head. [potion of mutation]
  1597 | D:2      | Gained mutation: A frigid envelope surrounds you and
                  | freezes all who hurt you. [potion of mutation]
  1676 | D:3      | Reached skill level 5 in Ranged Weapons
  1676 | D:3      | Reached XP level 5. HP: 41/41 MP: 5/5
  1778 | D:3      | Reached skill level 3 in Fighting
  2268 | D:3      | 2268 ||| UPGRADING to +0 pair of boots.
  2273 | D:3      | 2273 ||| READING 3 scrolls of identify.
  2273 | D:3      | 2273 ||| IDENTIFYING brown potion
  2274 | D:3      | 2274 ||| DROPPING potion of ambrosia.
  2623 | D:4      | Found a snail-covered altar of Cheibriados.
  2986 | D:4      | 2986 ||| READING scroll labelled KAMOUN UMPO.
  2987 | D:4      | 2987 ||| READING scroll labelled SOQ SIFUSSEARR.
  2988 | D:4      | 2988 ||| READING scroll labelled WOTAWK ZOUF.
  2989 | D:4      | 2989 ||| READING 2 scrolls of identify.
  2989 | D:4      | 2989 ||| IDENTIFYING grey potion
  3001 | D:5      | Entered Level 5 of the Dungeon
  3015 | D:5      | Reached skill level 6 in Ranged Weapons
  3015 | D:5      | Reached XP level 6. HP: 44/51 MP: 6/6
  3213 | D:5      | Reached skill level 7 in Ranged Weapons
  3219 | D:5      | Reached XP level 7. HP: 60/60 MP: 7/7
  3225 | D:5      | Found a glowing silver altar of Zin.
  3226 | D:5      | Found a shadowy altar of Dithmenos.
  3226 | D:5      | Found a burning altar of Makhleb.
  3227 | D:5      | Found a sparkling altar of Nemelex Xobeh.
  3232 | D:5      | Found a bloodstained altar of Trog.
  3675 | D:5      | Found a hide-covered altar of Uskayaw.
  3676 | D:5      | Found a shimmering altar of Xom.
  3875 | D:5      | Reached skill level 8 in Ranged Weapons
  4104 | D:5      | 4104 ||| READING scroll labelled POUREXETEIM.
  4183 | D:6      | HP: 13/61 [gnoll/+0 club[a gnoll bouda] (6)]
  4184 | D:6      | HP: 3/61 [gnoll/+0 club[a gnoll bouda] (6)]
  4184 | D:6      | Slain by a gnoll bouda

Levels and vault maps discovered:
D:1:      lightli_arrival_windingriver, layout_rooms, serial_shops,
          nicolae_shop_back_alley_shop, nicolae_shop_crystal,
          nicolae_shop_stone, nicolae_shop_trees, nicolae_lakefront_shop,
          hellmonk_ecumenical_altar_lost_god
D:2:      layout_loops_ring, kennysheep_minor_cross, minmay_tetromino_l4,
          uniq_terence
D:3:      layout_loops_ring, kennysheep_big_empty_room, hangedman_decor_growths
D:4:      layout_cave_pods, mainiacjoe_overflow_brackets,
          hangedman_decor_clover_reticule
D:5:      layout_cave_pods, chequers_temple_overflow_statue_of_worship,
          lemuel_crystal_altar, gammafunk_temple_overflow_statue
D:6:      layout_basic, lemuel_round_altar, minmay_temple_entry_trees,
          uniq_edmund

Skill      XL: |  1  2  3  4  5  6  7 |
---------------+----------------------+-----
Ranged Weapons | 3 4 5 6 7 8 |  8.2
Fighting       | 2 3 4 5 |  5.1
Armour         | 2 |  2.1
Dodging        | |  2.1
Spellcasting   | |  1.0
Hexes          | |  2.0

Action                     |  1- 3 |  4- 6 |  7- 9 || total
---------------------------+-------+-------+-------++-------
   Fire: Sling             |   132 |   172 |    61 ||   365
    Use: Scroll            |     6 |     7 |     1 ||    14
         Potion            |     2 |     1 |       ||     3
 Armour: Robe              |     6 |       |       ||     6
         Ring mail         |    11 |    37 |    15 ||    63
  Dodge: Dodged            |    58 |    57 |    26 ||   141

Table legend:
 A = Non-vault XP
 B = Vault XP
 C = Vault XP percentage of total XP
 D = Non-vault monster count
 E = Vault monster count
 F = Vault count percentage of total count
                 A         B        C        D         E       F
            +---------+---------+-------+---------+---------+-------
      Total |    1106 |      63 |   5.4 |      98 |       4 |   3.9
            +---------+---------+-------+---------+---------+-------
        D:1 |      30 |       0 |   0.0 |      20 |       0 |   0.0
        D:2 |      86 |      63 |  42.3 |      31 |       4 |  11.4
        D:3 |     147 |       0 |   0.0 |      19 |       0 |   0.0
        D:4 |       6 |       0 |   0.0 |       3 |       0 |   0.0
        D:5 |     741 |       0 |   0.0 |      20 |       0 |   0.0
        D:6 |      96 |       0 |   0.0 |       5 |       0 |   0.0
            +---------+---------+-------+---------+---------+-------
